 Dungeon Crawl Stone Soup version 0.21.1-1-g345015f (webtiles) character file.

17841 tidbits the Thaumaturge (level 12, 91/91 HPs)
             Began as a Gnoll Ice Elementalist on Mar 29, 2018.
             Was a High Priest of Cheibriados.
             Quit the game on level 11 of the Dungeon.
             The game lasted 01:13:33 (4123 turns).

tidbits the Thaumaturge (Gnoll Ice Elementalist)    Turns: 4123, Time: 01:13:33

Health: 91/91      AC: 11    Str: 26    XL:     12   Next: 52%
Magic:  22/22      EV: 24    Int: 36    God:    Cheibriados [*****.]
Gold:   374        SH: 10    Dex: 28    Spells: 14/28 levels left

rFire    + . .     SeeInvis .   b - +0 morningstar (pain)
rCold    . . .     Gourm    +   D - +2 buckler
rNeg     . . .     Faith    .   B - +2 leather armour {rF+}
rPois    .         Spirit   .   E - +0 helmet
rElec    .         Reflect  .   C - +0 cloak
rCorr    .         Harm     .   G - +0 pair of gloves
MR       .....                  F - +0 pair of boots
Stlth    ++++++....             T - amulet of the gourmand
HPRegen  0.65/turn              Q - ring of stealth
MPRegen  0.18/turn              V - +3 ring of evasion

@: very slow
A: distributed training, fangs 1, low mp 1, regeneration 1, screaming 1, strong
1, strong nose
a: Bend Time, Temporal Distortion, Slouch, Step From Time, Renounce Religion


You were on level 11 of the Dungeon.
You worshipped Cheibriados.
Cheibriados was extremely pleased with you.
You were not hungry.

You visited 1 branch of the dungeon, and saw 13 of its levels.
You also visited: Sewer.

You collected 625 gold pieces.
You spent 251 gold pieces at shops.

Inventory:

Hand Weapons
 a - a +2 dagger of draining
   (You took it off an orc wizard on level 7 of the Dungeon)
 b - a +0 morningstar of pain (weapon)
   (You found it on level 11 of the Dungeon)
 e - a +0 shortbow
 m - a +0 war axe
 u - a +0 flail
 H - a +0 trident
 I - a +0 scimitar
 K - a +0 dagger
 O - a +1 shortbow of flaming
   (You took it off a centaur on level 10 of the Dungeon)
Missiles
 k - 99 stones
 l - 7 tomahawks (quivered)
 n - 72 bolts
 L - 199 arrows
 Y - 5 curare-tipped needles
Armour
 f - a +0 robe
 g - a +0 ring mail
 B - a +2 leather armour of fire resistance (worn)
   (You found it on level 5 of the Dungeon)
 C - a +0 cloak (worn)
 D - a +2 buckler (worn)
 E - a +0 helmet (worn)
 F - a +0 pair of boots (worn)
 G - a +0 pair of gloves (worn)
 J - a +2 hat
 M - a +2 scale mail of cold resistance
   (You took it off an orc on level 9 of the Dungeon)
Magical Staves
 w - an uncursed staff of wizardry {!a}
   (You found it on level 12 of the Dungeon)
 N - an uncursed staff of poison
   (You found it on level 9 of the Dungeon)
 Z - an uncursed staff of cold
   (You took it off Fannar on level 10 of the Dungeon)
Jewellery
 P - an uncursed ring of flight
   (You found it on level 5 of the Dungeon)
 Q - a ring of stealth (left hand)
   (You found it on level 12 of the Dungeon)
 T - an amulet of the gourmand (around neck)
   (You found it on level 12 of the Dungeon)
 V - a +3 ring of evasion (right hand)
   (You found it on level 11 of the Dungeon)
Wands
 d - a wand of digging (13)
 U - a wand of polymorph (9)
Scrolls
 h - a scroll of blinking
 i - 3 scrolls of identify
 p - 4 scrolls of immolation
 r - 3 scrolls of remove curse
 t - 3 scrolls of teleportation
 x - a scroll of amnesia
 A - a scroll of fog
Potions
 o - a potion of brilliance
 q - a potion of magic
 v - a potion of might
 z - 3 potions of flight
 R - a potion of ambrosia
 S - a potion of lignification
 W - 2 potions of curing
 X - 4 potions of heal wounds
Books
 s - a book of Frost

   Spells                             Type                      Level
   a - Freeze                         Ice                          1
   b - Throw Frost                    Conjuration/Ice              2
   c - Ozocubu's Armour               Charms/Ice                   3
   d - Throw Icicle                   Conjuration/Ice              4
   e - Summon Ice Beast               Ice/Summoning                4
Miscellaneous
 j - a phial of floods (inert)
Comestibles
 c - 17 rations


   Skills:
 + Level 7.2 Fighting
 + Level 7.2 Short Blades
 + Level 7.2 Long Blades
 + Level 7.2 Axes
 + Level 7.2 Maces & Flails
 + Level 7.2 Polearms
 + Level 7.2 Staves
 + Level 7.2 Slings
 + Level 7.2 Bows
 + Level 7.2 Crossbows
 + Level 7.2 Throwing
 + Level 7.2 Armour
 + Level 8.6 Dodging
 + Level 8.4 Stealth
 + Level 7.2 Shields
 + Level 7.2 Unarmed Combat
 + Level 8.9 Spellcasting
 + Level 6.4 Conjurations
 + Level 6.0 Hexes
 + Level 6.0 Charms
 + Level 6.0 Summonings
 + Level 6.0 Necromancy
 + Level 6.0 Translocations
 + Level 6.0 Transmutations
 + Level 6.0 Fire Magic
 + Level 8.2 Ice Magic
 + Level 6.0 Air Magic
 + Level 6.0 Earth Magic
 + Level 6.0 Poison Magic
 + Level 7.9 Invocations
 + Level 7.2 Evocations


You had 14 spell levels left.
You knew the following spells:

 Your Spells              Type           Power        Failure   Level  Hunger
a - Freeze                Ice            ####         1%          1    None
i - Throw Icicle          Conj/Ice       ######..     1%          4    None
j - Throw Frost           Conj/Ice       ######       1%          2    None
o - Ozocubu's Armour      Chrm/Ice       ######..     1%          3    None
x - Summon Ice Beast      Ice/Summ       ######..     1%          4    None


Dungeon Overview and Level Annotations

Branches:
Dungeon (13/15)            Temple (0/1) D:6            Lair (0/6) D:10
    Orc: D:9-12      Vaults: D:13-14

Altars:
Cheibriados
Hepliaklqana
Vehumet
Xom
Yredelemnul

Shops:
D:5 *   D:9 *

Annotations:
D:10 exclusion: 2 oklob plants


Innate Abilities, Weirdness & Mutations

Your experience applies equally to all skills.
You have very sharp teeth.
Your uncanny sense of smell can sniff out nearby items.
Your magical capacity is low. (-10% MP)
Your natural rate of healing is unusually fast.
You occasionally shout uncontrollably at your foes.
Your muscles are strong. (Str +2)


Message History

The oklob plant spits acid at you. The splash of acid hits you!
* * * LOW HITPOINT WARNING * * *
The acid corrodes you!
You are splashed with acid!
The acid burns!
* * * LOW HITPOINT WARNING * * *
Unknown command.
You feel much better.
Your water elemental hits the plant.
Your water elemental hits the oklob plant.
The oklob plant spits acid at you. The splash of acid hits you!
* * * LOW HITPOINT WARNING * * *
You are splashed with acid!
The acid burns!
* * * LOW HITPOINT WARNING * * *
The oklob plant spits acid at you. You block the splash of acid.
Your water elemental hits the plant!
Your water elemental engulfs the plant in water!
Your water elemental hits the oklob plant!
Your water elemental hits the oklob plant.
Your water elemental hits the plant!
Unknown command.
Okay, then.
Unknown command.
Unknown command.
Unknown command.
Unknown command.
Unknown command.
Unknown command.
Your icy armour starts to melt.
Your water elemental disappears in a puff of smoke!
Your icy armour evaporates.
Your water elemental disappears in a puff of smoke!
There is an escape hatch in the ceiling here.
A mysterious force pulls you upwards. The hatch slams shut behind you.
Unknown command.
As you read the scroll of magic mapping, it crumbles to dust.
You feel aware of your surroundings.
Unknown command.
Unknown command.
Unknown command.
Unknown command.
Unknown command.
You are no longer corroded.
A quasit comes into view.
(D) Dungeon (T) Temple (L) Lair
Where to? (Enter - D:9 @ (x,y), ? - help) Unknown command.
You feel a little less agile now.
Found 20 bolts.
There is a stone staircase leading down here.
You block the quasit's attack. The quasit completely misses you.
The quasit barely misses you.
You climb downwards.
Level annotation: exclusion: 2 oklob plants
There is a stone staircase leading up here.
Unknown command.
Unknown command.
Casting: Ozocubu's Armour
Confirm with . or Enter, or press ? or * to list all spells.
You don't know that spell.
The orc completely misses you.
The orc drinks a potion.
The orc seems to grow stronger.
You block the orc's attack.
Casting: Ozocubu's Armour
Confirm with . or Enter, or press ? or * to list all spells.
A film of ice covers your body! The orc misses you.
You sock the orc!
You kill the orc!
Cheibriados appreciates the change of pace.
Things that are here:
a short sword; a potion of might
v - a potion of might
There is a stone staircase leading down here.
You climb downwards.
There is a stone staircase leading up here.
Unknown command.
Your icy armour starts to melt.
You open the door.
Your icy armour evaporates.
There is an open door here.
There is an open door here.
Evoke which item? (* to show all) (? for menu, Esc to quit)
Aiming: Dig
Press: ? - help, Shift-Dir - straight line, f - you The rock shatters into small pieces.
Unknown command.
Evoke which item? (* to show all) (? for menu, Esc to quit)
That's the wrong kind of item! (Use * to select it.) Evoke which item? (* to show all) (? for menu, Esc to quit)
Okay, then.
Evoke which item? (* to show all) (? for menu, Esc to quit)
Aiming: Dig
Press: ? - help, Shift-Dir - straight line, f - you The rock shatters into small pieces.
Unknown command.
There is an open door here.
You open the door.
An ogre comes into view. It is wielding a giant club.
There is an open door here.
Unknown command.
Are you sure you want to abandon this character and quit the game? (Confirm with "yes".)

########################
...................s....
#.....................
#........##....O......
#....@................
#..............# #...
#..............# #... #.
#..............####... #..
.......................
#..........####'####..####.
#..........#....# # ##.
#..#######.#....# ###.###..
#..........#....# #........


There were no monsters in sight!

Vanquished Creatures
  Erolcha (D:10)
  Fannar (D:10)
  A centaur warrior (D:12)
  3 two-headed ogres (D:12)
  2 unseen horrors (D:12)
  A wizard (D:12)
  An ugly thing (D:12)
  Psyche (D:9)
  2 gargoyles (D:12)
  A tengu conjurer (D:12)
  A troll (D:12)
  2 slime creatures (D:12)
  2 hippogriffs
  A water elemental (D:12)
  A vampire (D:9)
  A human (D:7)
  A hog (D:7)
  12 yaks
  A hungry ghost (D:8)
  A water moccasin (D:7)
  An orc warrior (D:7)
  4 sky beasts
  An ice beast (D:9)
  2 black bears
  An eye of draining (D:9)
  3 slaves (D:6)
  A boggart (D:12)
  A phantom (D:11)
  5 ogres
  8 centaurs
  A big kobold (D:11)
  9 bullfrogs
  A wyvern skeleton (D:9)
  5 scorpions
  9 killer bees
  5 wights
  5 crimson imps
  A centaur zombie (D:7)
  3 hounds
  A quasit (D:12)
  2 bullfrog zombies
  2 jellies
  Crazy Yiuf (D:7)
  4 centaur skeletons
  5 orc priests
  14 orc wizards
  A bullfrog skeleton (D:12)
  Jessica (D:2)
  4 iguanas
  11 worker ants
  A gnoll (D:8)
  7 adders
  A shadow imp (D:11)
  An adder skeleton (D:4)
  2 worms (D:5)
  37 orcs
  4 ball pythons
  A giant cockroach (D:2)
  2 goblins
  A hobgoblin (D:2)
  5 jackals
  6 kobolds
  3 quokkas
  A bat (D:1)
  3 frilled lizards
  3 rats
227 creatures vanquished.

Vanquished Creatures (collateral kills)
  A two-headed ogre (D:9)
  Pikel (D:6)
  A komodo dragon (D:10)
  A troll (D:10)
  A hippogriff (D:9)
  5 yaks
  3 hogs (D:7)
  2 orc warriors
  A black bear (D:10)
  A bullfrog (D:10)
  A scorpion (D:9)
  3 killer bees (D:9)
  A wight (D:6)
  3 orc wizards
  2 worker ants
  A gnoll (D:8)
  3 orcs
  2 jackals (D:8)
  3 kobolds (D:11)
36 creatures vanquished.

Grand Total: 263 creatures vanquished

Notes
Turn   | Place    | Note
-------+----------+-------------------------------------------
     0 | D:1      | tidbits the Gnoll Ice Elementalist began the quest for the Orb.
     0 | D:1      | Reached XP level 1. HP: 13/13 MP: 6/6
   117 | D:1      | Reached skill level 2 in Conjurations
   153 | D:1      | Reached XP level 2. HP: 13/19 MP: 0/7
   325 | D:2      | Reached XP level 3. HP: 21/25 MP: 6/9
   329 | D:2      | Learned a level 2 spell: Throw Frost
   333 | D:2      | Learned a level 3 spell: Ozocubu's Armour
   333 | D:2      | Noticed Jessica
   338 | D:2      | Killed Jessica
   338 | D:2      | Reached skill level 5 in Spellcasting
   338 | D:2      | Reached skill level 1 in Invocations
   358 | D:3      | Gained mutation: Your mind is acute. (Int +2) [potion of mutation]
   358 | D:3      | Gained mutation: Your magical capacity is low. (-10% MP) [potion of mutation]
   358 | D:3      | Gained mutation: You are partially covered in thin metallic scales. (AC +2) [potion of mutation]
   380 | D:3      | Reached skill level 1 in Fighting
   380 | D:3      | Reached skill level 1 in Short Blades
   380 | D:3      | Reached skill level 1 in Long Blades
   380 | D:3      | Reached skill level 1 in Axes
   380 | D:3      | Reached skill level 1 in Maces & Flails
   380 | D:3      | Reached skill level 1 in Polearms
   380 | D:3      | Reached skill level 1 in Staves
   380 | D:3      | Reached skill level 1 in Slings
   380 | D:3      | Reached skill level 1 in Bows
   380 | D:3      | Reached skill level 1 in Crossbows
   380 | D:3      | Reached skill level 1 in Throwing
   380 | D:3      | Reached skill level 1 in Armour
   380 | D:3      | Reached skill level 1 in Shields
   380 | D:3      | Reached skill level 1 in Unarmed Combat
   380 | D:3      | Reached skill level 1 in Evocations
   380 | D:3      | Reached XP level 4. HP: 30/32 MP: 1/9
   491 | D:4      | Reached skill level 1 in Hexes
   491 | D:4      | Reached skill level 1 in Charms
   491 | D:4      | Reached skill level 1 in Summonings
   491 | D:4      | Reached skill level 1 in Necromancy
   491 | D:4      | Reached skill level 1 in Translocations
   491 | D:4      | Reached skill level 1 in Transmutations
   491 | D:4      | Reached skill level 1 in Fire Magic
   491 | D:4      | Reached skill level 1 in Air Magic
   491 | D:4      | Reached skill level 1 in Earth Magic
   491 | D:4      | Reached skill level 1 in Poison Magic
   578 | D:4      | Reached XP level 5. HP: 35/37 MP: 5/11
   623 | D:5      | Entered Level 5 of the Dungeon
   623 | D:5      | Found Xusum's Assorted Antiques.
   659 | D:5      | Reached XP level 6. HP: 24/44 MP: 3/12
   660 | D:5      | Reached skill level 2 in Invocations
   689 | D:5      | Reached skill level 5 in Dodging
   702 | D:5      | Learned a level 4 spell: Summon Ice Beast
   734 | D:5      | Bought a sedimented green potion for 24 gold pieces
   734 | D:5      | Bought a fizzy brown potion for 24 gold pieces
   734 | D:5      | Bought a grey potion for 24 gold pieces
   734 | D:5      | Bought a puce potion for 24 gold pieces
   734 | D:5      | Bought a sapphire potion for 24 gold pieces
   734 | D:5      | Bought a golden potion for 24 gold pieces
   734 | D:5      | Bought a scroll labeled XERIGI JA ELAC for 27 gold pieces
   751 | D:5      | Reached skill level 2 in Fighting
   751 | D:5      | Reached skill level 2 in Short Blades
   751 | D:5      | Reached skill level 2 in Long Blades
   751 | D:5      | Reached skill level 2 in Axes
   751 | D:5      | Reached skill level 2 in Maces & Flails
   751 | D:5      | Reached skill level 2 in Polearms
   751 | D:5      | Reached skill level 2 in Staves
   751 | D:5      | Reached skill level 2 in Slings
   751 | D:5      | Reached skill level 2 in Bows
   751 | D:5      | Reached skill level 2 in Crossbows
   751 | D:5      | Reached skill level 2 in Throwing
   751 | D:5      | Reached skill level 2 in Armour
   751 | D:5      | Reached skill level 2 in Shields
   751 | D:5      | Reached skill level 2 in Unarmed Combat
   751 | D:5      | Reached skill level 2 in Evocations
   890 | D:5      | Noticed a sky beast
   897 | D:5      | Reached XP level 7. HP: 15/50 MP: 6/13
   957 | D:5      | Found a glowing drain.
   973 | Sewer    | Entered a sewer
  1003 | Sewer    | Reached skill level 2 in Hexes
  1003 | Sewer    | Reached skill level 2 in Charms
  1003 | Sewer    | Reached skill level 2 in Summonings
  1003 | Sewer    | Reached skill level 2 in Necromancy
  1003 | Sewer    | Reached skill level 2 in Translocations
  1003 | Sewer    | Reached skill level 2 in Transmutations
  1003 | Sewer    | Reached skill level 2 in Fire Magic
  1003 | Sewer    | Reached skill level 2 in Air Magic
  1003 | Sewer    | Reached skill level 2 in Earth Magic
  1003 | Sewer    | Reached skill level 2 in Poison Magic
  1089 | D:5      | Reached skill level 3 in Conjurations
  1208 | D:7      | Reached skill level 5 in Stealth
  1208 | D:7      | Reached skill level 3 in Invocations
  1274 | D:7      | Reached XP level 8. HP: 57/57 MP: 5/15
  1285 | D:7      | Reached skill level 6 in Ice Magic
  1293 | D:7      | Reached skill level 3 in Fighting
  1293 | D:7      | Reached skill level 3 in Short Blades
  1293 | D:7      | Reached skill level 3 in Long Blades
  1293 | D:7      | Reached skill level 3 in Axes
  1293 | D:7      | Reached skill level 3 in Maces & Flails
  1293 | D:7      | Reached skill level 3 in Polearms
  1293 | D:7      | Reached skill level 3 in Staves
  1293 | D:7      | Reached skill level 3 in Slings
  1293 | D:7      | Reached skill level 3 in Bows
  1293 | D:7      | Reached skill level 3 in Crossbows
  1293 | D:7      | Reached skill level 3 in Throwing
  1293 | D:7      | Reached skill level 3 in Armour
  1293 | D:7      | Reached skill level 3 in Shields
  1293 | D:7      | Reached skill level 3 in Unarmed Combat
  1293 | D:7      | Reached skill level 3 in Evocations
  1329 | D:7      | Found a snail-covered altar of Cheibriados.
  1338 | D:7      | Found a radiant altar of Vehumet.
  1339 | D:7      | Found a hazy altar of Hepliaklqana.
  1339 | D:7      | Found a basalt altar of Yredelemnul.
  1343 | D:7      | Became a worshipper of Cheibriados the Contemplative
  1400 | D:8      | Reached skill level 6 in Spellcasting
  1480 | D:9      | Noticed Psyche
  1492 | D:9      | Killed Psyche
  1522 | D:9      | Reached skill level 3 in Hexes
  1522 | D:9      | Reached skill level 3 in Charms
  1522 | D:9      | Reached skill level 3 in Summonings
  1522 | D:9      | Reached skill level 3 in Necromancy
  1522 | D:9      | Reached skill level 3 in Translocations
  1522 | D:9      | Reached skill level 3 in Transmutations
  1522 | D:9      | Reached skill level 3 in Fire Magic
  1522 | D:9      | Reached skill level 3 in Air Magic
  1522 | D:9      | Reached skill level 3 in Earth Magic
  1522 | D:9      | Reached skill level 3 in Poison Magic
  1522 | D:9      | Reached skill level 4 in Invocations
  1534 | D:9      | Reached XP level 9. HP: 47/65 MP: 1/16
  1543 | D:9      | Reached skill level 6 in Dodging
  1564 | D:9      | Learned a level 4 spell: Throw Icicle
  1604 | D:9      | Reached * piety under Cheibriados
  1608 | D:9      | Reached skill level 4 in Fighting
  1608 | D:9      | Reached skill level 4 in Short Blades
  1608 | D:9      | Reached skill level 4 in Long Blades
  1608 | D:9      | Reached skill level 4 in Axes
  1608 | D:9      | Reached skill level 4 in Maces & Flails
  1608 | D:9      | Reached skill level 4 in Polearms
  1608 | D:9      | Reached skill level 4 in Staves
  1608 | D:9      | Reached skill level 4 in Slings
  1608 | D:9      | Reached skill level 4 in Bows
  1608 | D:9      | Reached skill level 4 in Crossbows
  1608 | D:9      | Reached skill level 4 in Throwing
  1608 | D:9      | Reached skill level 4 in Armour
  1608 | D:9      | Reached skill level 4 in Shields
  1608 | D:9      | Reached skill level 4 in Unarmed Combat
  1608 | D:9      | Reached skill level 4 in Conjurations
  1608 | D:9      | Reached skill level 4 in Evocations
  1630 | D:9      | Reached skill level 6 in Stealth
  1652 | D:9      | Noticed a two-headed ogre
  1660 | D:10     | Entered Level 10 of the Dungeon
  1660 | D:10     | Noticed a komodo dragon
  1754 | D:9      | Found Uffyph Zega's General Store.
  1927 | D:8      | Reached ** piety under Cheibriados
  1930 | D:8      | Reached skill level 5 in Invocations
  2100 | D:6      | Found a shimmering altar of Xom.
  2152 | D:6      | Noticed Pikel
  2167 | D:6      | Killed Pikel
  2167 | D:6      | Reached skill level 7 in Spellcasting
  2167 | D:6      | Reached skill level 4 in Hexes
  2167 | D:6      | Reached skill level 4 in Charms
  2167 | D:6      | Reached skill level 4 in Summonings
  2167 | D:6      | Reached skill level 4 in Necromancy
  2167 | D:6      | Reached skill level 4 in Translocations
  2167 | D:6      | Reached skill level 4 in Transmutations
  2167 | D:6      | Reached skill level 4 in Fire Magic
  2167 | D:6      | Reached skill level 4 in Air Magic
  2167 | D:6      | Reached skill level 4 in Earth Magic
  2167 | D:6      | Reached skill level 4 in Poison Magic
  2167 | D:6      | Reached XP level 10. HP: 55/73 MP: 7/18
  2317 | D:7      | Reached skill level 5 in Fighting
  2317 | D:7      | Reached skill level 5 in Short Blades
  2317 | D:7      | Reached skill level 5 in Long Blades
  2317 | D:7      | Reached skill level 5 in Axes
  2317 | D:7      | Reached skill level 5 in Maces & Flails
  2317 | D:7      | Reached skill level 5 in Polearms
  2317 | D:7      | Reached skill level 5 in Staves
  2317 | D:7      | Reached skill level 5 in Slings
  2317 | D:7      | Reached skill level 5 in Bows
  2317 | D:7      | Reached skill level 5 in Crossbows
  2317 | D:7      | Reached skill level 5 in Throwing
  2317 | D:7      | Reached skill level 5 in Armour
  2317 | D:7      | Reached skill level 5 in Shields
  2317 | D:7      | Reached skill level 5 in Unarmed Combat
  2317 | D:7      | Reached skill level 5 in Evocations
  2331 | D:7      | Reached skill level 7 in Ice Magic
  2372 | D:7      | Found a runed door.
  2376 | D:7      | Noticed Crazy Yiuf
  2380 | D:7      | Killed Crazy Yiuf
  2438 | D:8      | Reached *** piety under Cheibriados
  2483 | D:8      | Reached skill level 7 in Dodging
  2586 | D:9      | Killed a two-headed ogre
  2588 | D:9      | Reached skill level 5 in Conjurations
  2631 | D:9      | Bought a potion of heal wounds for 80 gold pieces
  2726 | D:10     | Reached skill level 6 in Invocations
  2762 | D:10     | Reached skill level 7 in Stealth
  2842 | D:10     | Noticed Erolcha
  2849 | D:10     | Killed Erolcha
  2849 | D:10     | Reached XP level 11. HP: 42/81 MP: 12/20
  2928 | D:12     | Noticed a two-headed ogre
  2931 | D:12     | Killed a two-headed ogre
  2931 | D:12     | Reached **** piety under Cheibriados
  2936 | D:12     | Found a snail-covered altar of Cheibriados.
  2940 | D:12     | Reached skill level 6 in Fighting
  2940 | D:12     | Reached skill level 6 in Short Blades
  2940 | D:12     | Reached skill level 6 in Long Blades
  2940 | D:12     | Reached skill level 6 in Axes
  2940 | D:12     | Reached skill level 6 in Maces & Flails
  2940 | D:12     | Reached skill level 6 in Polearms
  2940 | D:12     | Reached skill level 6 in Staves
  2940 | D:12     | Reached skill level 6 in Slings
  2940 | D:12     | Reached skill level 6 in Bows
  2940 | D:12     | Reached skill level 6 in Crossbows
  2940 | D:12     | Reached skill level 6 in Throwing
  2940 | D:12     | Reached skill level 6 in Armour
  2940 | D:12     | Reached skill level 6 in Shields
  2940 | D:12     | Reached skill level 6 in Unarmed Combat
  2940 | D:12     | Reached skill level 6 in Evocations
  2978 | D:13     | Noticed an enchanted long sword
  2995 | D:12     | Noticed a two-headed ogre
  2998 | D:12     | Noticed a two-headed ogre
  3001 | D:12     | Killed an unseen horror
  3001 | D:12     | Reached skill level 5 in Hexes
  3001 | D:12     | Reached skill level 5 in Charms
  3001 | D:12     | Reached skill level 5 in Summonings
  3001 | D:12     | Reached skill level 5 in Necromancy
  3001 | D:12     | Reached skill level 5 in Translocations
  3001 | D:12     | Reached skill level 5 in Transmutations
  3001 | D:12     | Reached skill level 5 in Fire Magic
  3001 | D:12     | Reached skill level 5 in Air Magic
  3001 | D:12     | Reached skill level 5 in Earth Magic
  3001 | D:12     | Reached skill level 5 in Poison Magic
  3005 | D:12     | Killed a two-headed ogre
  3005 | D:12     | Reached skill level 8 in Spellcasting
  3014 | D:12     | Killed a two-headed ogre
  3083 | D:12     | Reached skill level 7 in Invocations
  3089 | D:12     | Noticed a centaur warrior
  3090 | D:12     | Killed a centaur warrior
  3090 | D:12     | Reached skill level 8 in Dodging
  3091 | D:12     | Noticed a green ugly thing
  3093 | D:12     | Killed a green ugly thing
  3119 | D:12     | Killed an unseen horror
  3137 | D:12     | Reached skill level 6 in Conjurations
  3189 | D:12     | Reached skill level 8 in Stealth
  3201 | D:12     | Noticed a wizard
  3203 | D:12     | Killed a wizard
  3203 | D:12     | Reached XP level 12. HP: 89/89 MP: 10/22
  3251 | D:12     | Reached skill level 8 in Ice Magic
  3510 | D:11     | Lost mutation: You are partially covered in thin metallic scales. (AC +2) [potion of mutation]
  3510 | D:11     | Lost mutation: Your magical capacity is low. (-10% MP) [potion of mutation]
  3510 | D:11     | Gained mutation: Your magical capacity is low. (-10% MP) [potion of mutation]
  3510 | D:11     | Gained mutation: You possess an exceptional clarity of mind. [potion of mutation]
  3511 | D:11     | Lost mutation: You possess an exceptional clarity of mind. [potion of mutation]
  3511 | D:11     | Lost mutation: Your mind is acute. (Int +2) [potion of mutation]
  3511 | D:11     | Gained mutation: Your natural rate of healing is unusually fast. [potion of mutation]
  3511 | D:11     | Gained mutation: You occasionally shout uncontrollably at your foes. [potion of mutation]
  3511 | D:11     | Gained mutation: Your muscles are strong. (Str +2) [potion of mutation]
  3557 | D:11     | Reached skill level 7 in Fighting
  3557 | D:11     | Reached skill level 7 in Short Blades
  3557 | D:11     | Reached skill level 7 in Long Blades
  3557 | D:11     | Reached skill level 7 in Axes
  3557 | D:11     | Reached skill level 7 in Maces & Flails
  3557 | D:11     | Reached skill level 7 in Polearms
  3557 | D:11     | Reached skill level 7 in Staves
  3557 | D:11     | Reached skill level 7 in Slings
  3557 | D:11     | Reached skill level 7 in Bows
  3557 | D:11     | Reached skill level 7 in Crossbows
  3557 | D:11     | Reached skill level 7 in Throwing
  3557 | D:11     | Reached skill level 7 in Armour
  3557 | D:11     | Reached skill level 7 in Shields
  3557 | D:11     | Reached skill level 7 in Unarmed Combat
  3557 | D:11     | Reached skill level 7 in Evocations
  3578 | D:11     | Reached ***** piety under Cheibriados
  3866 | D:10     | Noticed Fannar
  3891 | D:10     | Killed Fannar
  3891 | D:10     | Reached skill level 6 in Hexes
  3891 | D:10     | Reached skill level 6 in Charms
  3891 | D:10     | Reached skill level 6 in Summonings
  3891 | D:10     | Reached skill level 6 in Necromancy
  3891 | D:10     | Reached skill level 6 in Translocations
  3891 | D:10     | Reached skill level 6 in Transmutations
  3891 | D:10     | Reached skill level 6 in Fire Magic
  3891 | D:10     | Reached skill level 6 in Air Magic
  3891 | D:10     | Reached skill level 6 in Earth Magic
  3891 | D:10     | Reached skill level 6 in Poison Magic
  4010 | D:10     | Found a staircase to the Lair.
  4015 | D:10     | HP: 1/91 [acid (15)]
  4123 | D:11     | Quit the game

Skill      XL: |  1  2  3  4  5  6  7  8  9 10 11 12 |
---------------+-------------------------------------+-----
Conjurations   | 2 3 4 5 6 |  6.4
Spellcasting   | 5 6 7 8 |  8.9
Invocations    | 1 2 3 4 5 6 7 |  7.9
Fighting       | 1 2 3 4 5 6 7 |  7.2
Short Blades   | 1 2 3 4 5 6 7 |  7.2
Long Blades    | 1 2 3 4 5 6 7 |  7.2
Axes           | 1 2 3 4 5 6 7 |  7.2
Maces & Flails | 1 2 3 4 5 6 7 |  7.2
Polearms       | 1 2 3 4 5 6 7 |  7.2
Staves         | 1 2 3 4 5 6 7 |  7.2
Slings         | 1 2 3 4 5 6 7 |  7.2
Bows           | 1 2 3 4 5 6 7 |  7.2
Crossbows      | 1 2 3 4 5 6 7 |  7.2
Throwing       | 1 2 3 4 5 6 7 |  7.2
Armour         | 1 2 3 4 5 6 7 |  7.2
Shields        | 1 2 3 4 5 6 7 |  7.2
Unarmed Combat | 1 2 3 4 5 6 7 |  7.2
Evocations     | 1 2 3 4 5 6 7 |  7.2
Hexes          | 1 2 3 4 5 6 |  6.0
Charms         | 1 2 3 4 5 6 |  6.0
Summonings     | 1 2 3 4 5 6 |  6.0
Necromancy     | 1 2 3 4 5 6 |  6.0
Translocations | 1 2 3 4 5 6 |  6.0
Transmutations | 1 2 3 4 5 6 |  6.0
Fire Magic     | 1 2 3 4 5 6 |  6.0
Air Magic      | 1 2 3 4 5 6 |  6.0
Earth Magic    | 1 2 3 4 5 6 |  6.0
Poison Magic   | 1 2 3 4 5 6 |  6.0
Dodging        | 5 6 7 8 |  8.6
Stealth        | 5 6 7 8 |  8.4
Ice Magic      | 6 7 8 |  8.2

Action                   |  1- 3 |  4- 6 |  7- 9 | 10-12 || total
-------------------------+-------+-------+-------+-------++-------
Melee: Unarmed           |     5 |       |    40 |       ||    45
       Spear             |     2 |       |       |       ||     2
       Dagger            |     2 |     4 |    14 |   114 ||   134
       Club              |     1 |       |       |       ||     1
       Flail             |       |    31 |    60 |    77 ||   168
       Bite              |       |     3 |     8 |    96 ||   107
       Trident           |       |       |    14 |       ||    14
       War axe           |       |       |     9 |    64 ||    73
       Scimitar          |       |       |       |   107 ||   107
       Morningstar       |       |       |       |    34 ||    34
Throw: Stone             |       |       |     1 |       ||     1
       Tomahawk          |       |       |     9 |     3 ||    12
 Cast: Freeze            |    23 |    35 |    99 |    41 ||   198
       Ozocubu's Armour  |       |     5 |    12 |    31 ||    48
       Throw Frost       |       |       |     7 |       ||     7
       Summon Ice Beast  |       |       |     6 |    26 ||    32
       Throw Icicle      |       |       |     1 |     9 ||    10
Invok: Bend Time         |       |       |       |     1 ||     1
       Slouch            |       |       |       |     1 ||     1
Evoke: Wand              |       |     2 |     5 |    15 ||    22
       Phial of floods   |       |       |       |     1 ||     1
  Use: Scroll            |     4 |       |     8 |     9 ||    21
       Potion            |     1 |     3 |     8 |    10 ||    22
 Stab: Sleeping          |     4 |     2 |     4 |    29 ||    39
       Distracted        |       |       |     1 |     4 ||     5
  Eat: Chunk             |       |       |     4 |     1 ||     5
       Ration            |       |       |       |     2 ||     2
Armor: Robe              |     5 |    15 |       |       ||    20
       Leather armour    |       |     5 |    73 |    97 ||   175
       Skin              |       |       |    55 |       ||    55
Dodge: Dodged            |    20 |    60 |   112 |   296 ||   488
Block: Buckler           |       |       |    76 |   162 ||   238
       Rpst.: Scimitar   |       |       |       |    19 ||    19

Table legend:
 A = Turns spent in this place as a percentage of turns spent in the entire game.
 B = Non-inter-level travel turns spent in this place as a percentage of non-inter-level travel turns spent in the entire game.
 C = Inter-level travel turns spent in this place as a percentage of turns spent in this place.
 D = Turns resting spent in this place as a percentage of non-inter-level travel turns spent in this place.
 E = Turns spent auto-exploring this place as a percentage of non-inter-level travel turns spent in this place.
 F = Non-inter-level travel turns spent in this place divided by the number of levels of this place that you've seen.
                   A       B       C       D       E      F
               +-------+-------+-------+-------+-------+----------------------
         Total | 100.0 | 100.0 |   0.2 |   0.0 |   0.0 | 293.8
       Dungeon |  98.5 |  98.5 |   0.2 |   0.0 |   0.0 | 311.8
         Sewer |   1.5 |   1.5 |   0.0 |   0.0 |   0.0 |  60.0
               +-------+-------+-------+-------+-------+----------------------

Table legend:
 A = Kills in this place as a percentage of kills in entire the game.
 B = Kills by you in this place as a percentage of kills by you in the entire game.
 C = Kills by friends in this place as a percentage of kills by friends in the entire game.
 D = Other kills in this place as a percentage of other kills in the entire game.
 E = Experience gained in this place as a percentage of experience gained in the entire game.
 F = Experience gained in this place divided by the number of levels of this place that you have seen.
                   A       B       C       D       E      F
               +-------+-------+-------+-------+-------+----------------------
         Total | 100.0 | 100.0 | 100.0 |   N/A | 100.0 | 1820.6
       Dungeon |  98.5 |  98.2 | 100.0 |   N/A |  99.9 | 1959.3
         Sewer |   1.5 |   1.8 |   0.0 |   N/A |   0.1 |  17.0
               +-------+-------+-------+-------+-------+----------------------

Vault maps used:
D:1:      mrwooster_arrival_arrow, serial_co_window_serial, co_window_cross_1,
          co_window_corner_a, co_window_of_opportunity_a, co_window_paths_a,
          co_window_cross_1, co_window_unsneaky_path_c, co_window_broadway_c,
          co_window_corner_ca, co_window_unsneaky_path_a,
          co_window_of_opportunity_b, co_window_cross_4, co_window_4corner_b,
          glass_columns_a, glass_columns_b
D:2:      kennysheep_generic_room_15, uniq_natasha, uniq_jessica, uniq_terence
D:3:      kennysheep_generic_room_6
D:4:      gammafunk_temple_overflow_arena
D:5:      serial_shops, nicolae_shop_window_shopping, first_ration,
          cheibrodos_sewer_entry_bend, minmay_misc_feat_iff
D:6:      minmay_temple_entry_fiery, basic_altar, uniq_pikel
D:7:      grunt_temple_overflow_open, grunt_livestock, uniq_crazy_yiuf_cottage
D:8:      grunt_temple_overflow_bloody_war, grunt_ministairs_13, abandoned_shop,
          kennysheep_generic_room_9
D:9:      serial_shops, nicolae_shop_crystal, uniq_psyche
D:10:     dpeg_oklobed_lair, eino_small_chamber_without_monster,
          lightli_church_of_beogh, uniq_erolcha, uniq_fannar
D:11:     lemuel_upstairs_altar, serial_column_ruins, column_ruins_hut_water,
          column_ruins_hut_pillars, column_ruins_columns_corner,
          column_ruins_grid_3, column_ruins_columns_straight,
          column_ruins_columns_straight, column_ruins_open_medium
D:12:     minmay_imperfect_grid, minmay_orc_entry_guard_dogs,
          hangedman_abyss_or_decor_lesser_grid, cheibriados_altar_1
D:13:     erik_vaults_1, lab_entry_generic, lemuel_old_faithful, uniq_maurice
Sewer:    sewer_co_purgy_island
